 Dungeon Crawl Stone Soup version 0.32-a0-30-gefbe487952 (webtiles) character file.

Game seed: 3568992465354213786

461 tilp the Vexing (level 6, 0/46 HPs)
             Began as a Vampire Enchanter on Jan 19, 2024.
             Was an Initiate of Wu Jian.
             Incinerated by a bombardier beetle (3 damage)
             ... with a burning spray
             ... on level 5 of the Dungeon.
             The game lasted 00:05:13 (4405 turns).

tilp the Vexing (Vampire Enchanter)                 Turns: 4405, Time: 00:05:13

Health: 0/46       AC:  6    Str:  7    XL:     6   Next: 79%
Magic:  1/10       EV: 18    Int: 20    God:    Wu Jian [......]
Gold:   267        SH:  0    Dex: 14    Spells: 2/10 levels left

rFire   . . .        a - +2 dagger
rCold   . . .        (no shield)
rNeg    . . .        b - +0 robe
rPois   +            g - +2 helmet
rElec   .            (no cloak)
rCorr   .            j - +0 pair of gloves
SInv    +            (no boots)
Will    .....        (no amulet)
Stlth   +            e - +5 ring of evasion
HPRegen 0.47/turn    h - ring of poison resistance
MPRegen 0.12/turn

%: no passive effects
@: on fire, healing quickly, glowing
A: alive, fangs 3, see invisible, vampiric 2
a: Exsanguinate, Renounce Religion


You were on level 5 of the Dungeon.
You worshipped Wu Jian.
Wu Jian was noncommittal.
You visited 1 branch of the dungeon, and saw 5 of its levels.

You collected 267 gold pieces.

Inventory:

Hand Weapons
 a - a +2 dagger (weapon)
Missiles
 m - 8 javelins
 n - 3 boomerangs (quivered)
Armour
 b - a +0 robe (worn)
 g - a +2 helmet (worn)
 j - a +0 pair of gloves (worn)
Jewellery
 e - a +5 ring of evasion (left hand)
 h - a ring of poison resistance (right hand)
Scrolls
 f - a scroll of acquirement
 k - a scroll of immolation
 l - a scroll of blinking
Potions
 c - 2 potions of invisibility
 d - 2 potions of magic {unknown}
 i - a potion of lignification
 o - a potion of degeneration {unknown}
 q - a potion of heal wounds {unknown}


   Skills:
 * Level 2.5 Fighting
 + Level 2.6(3.3) Short Blades
 * Level 2.7(3.2) Long Blades
 + Level 3.1 Dodging
 + Level 5.4 Stealth
 + Level 2.7 Spellcasting
 * Level 6.1 Hexes
 + Level 1.5 Ice Magic


You had 2 spell levels left.
You knew the following spells:

 Your Spells              Type           Power      Damage    Failure   Level
a - Ensorcelled Hibernat  Hex/Ice        36%        N/A       4%          2
b - Confusing Touch       Hex            27%        N/A       3%          3
c - Tukima's Dance        Hex            27%        N/A       3%          3

Your spell library contained the following spells:

 Spells                   Type           Power      Damage    Failure   Level
 Call Imp                 Summ           4%         N/A       22%         2
 Scorch                   Fire           4%         2d5       22%         2
 Sublimation of Blood     Necr           2%         N/A       22%         2
 Dazzling Flash           Conj/Hex       30%        N/A       12%         3
 Flame Wave               Conj/Fire      2%         2d4       82%         4
 Summon Cactus Giant      Summ           1%         N/A       100%        6
 Summon Hydra             Summ           1%         N/A       100%        7


Dungeon Overview and Level Annotations

Branches:
Dungeon (5/15)
 Temple: D:4-7

Altars:
Ru
Trog
Vehumet
Wu Jian

Annotations:
D:2 1 runed translucent door, Crazy Yiuf, Terence


Innate Abilities, Weirdness & Mutations

Your natural rate of healing is accelerated.
You have razor-sharp teeth.
You have supernaturally acute eyesight. (SInv)
You are afflicted with vampirism and can become a bat while bloodless.


Message History

You bite the bombardier beetle, but do no damage.
The bombardier beetle is lightly wounded.
The liquid fire burns you!
Unknown command.
You shake off some of the fire as you move.
The liquid fire burns you!
The bombardier beetle sprays incendiary fluid at you.
The burning spray hits you.
You are even more covered in liquid fire!
You shake off some of the fire as you move.
The liquid fire burns you!
The gnoll shouts!
The bombardier beetle misses you.
You shake off some of the fire as you move.
The liquid fire burns you!
Unknown command.
You hit the bombardier beetle but do no damage.
The bombardier beetle is lightly wounded.
The liquid fire burns you! The bombardier beetle bites you.
* * * LOW HITPOINT WARNING * * *
You hit the bombardier beetle but do no damage.
The bombardier beetle is lightly wounded.
The liquid fire burns you!
* * * LOW HITPOINT WARNING * * *
You hit the bombardier beetle but do no damage.
The bombardier beetle is lightly wounded.
The liquid fire burns you!
* * * LOW HITPOINT WARNING * * *
The bombardier beetle bites you.
* * * LOW HITPOINT WARNING * * *
You hit the bombardier beetle.
You punch the bombardier beetle, but do no damage.
The bombardier beetle is heavily wounded.
The liquid fire burns you!
* * * LOW HITPOINT WARNING * * *
You hit the bombardier beetle.
The bombardier beetle is severely wounded.
The liquid fire burns you!
You die...

#.# #.# #...).....# #.###.#
#..#..###.# #.....# #.....#
#.# ####### #.##.## #.#
#.##.####.# #.........#
####.##.#######
###########.#........#######
#...........@B....(...§.§...#
#.#####...........≈≈§≈§≈§...#
#.#####.............≈≈§≈≈≈..#
#.#.........g.....8...._≈≈..#
#.#.###.>...........≈≈§≈≈≈...
#.#.# #.........#.≈≈≈§≈§≈..##
#.#.###........##..........##
##............########§#######
#g..g#######.## ##.#######


You could see a bombardier beetle and a gnoll.

Vanquished Creatures
  A water moccasin (D:5)
  2 howler monkeys
  An orc priest (D:3)
  3 jellies
  A gnoll bouda (D:5)
  2 gnolls (D:5)
  3 adders
  3 dart slugs
  A ribbon worm (D:2)
  7 orcs
  4 endoplasms
  3 giant cockroaches
  3 hobgoblins
  8 jackals
  3 kobolds
  4 quokkas
  7 ball pythons
  4 bats (D:1)
  2 frilled lizards (D:2)
  10 goblins
  6 rats
78 creatures vanquished.

Vanquished Creatures (others)
  A bat (D:1)
1 creature vanquished.

Grand Total: 79 creatures vanquished

Notes
Turn   | Place    | Note
-------+----------+-------------------------------------------
     0 | D:1      | tilp the Vampire Enchanter began the quest for the Orb.
     0 | D:1      | Reached XP level 1. HP: 13/13 MP: 3/3
   209 | D:1      | Reached XP level 2. HP: 7/20 MP: 5/5
   257 | D:1      | Learned a level 2 spell: Ensorcelled Hibernation
   299 | D:1      | Reached skill level 1 in Long Blades
   664 | D:1      | Reached skill level 1 in Fighting
   755 | D:2      | Identified a scroll of acquirement
   763 | D:2      | Gained mutation: You are afflicted with vampirism and can
                  | become a bat while bloodless. [Vampire growth]
   763 | D:2      | Reached XP level 3. HP: 26/26 MP: 6/6
   767 | D:2      | Learned a level 3 spell: Confusing Touch
  1273 | D:2      | Reached XP level 4. HP: 30/32 MP: 7/7
  1568 | D:2      | Found a runed translucent door.
  1569 | D:2      | Noticed Crazy Yiuf
  1569 | D:2      | Noticed Terence
  1858 | D:3      | Reached skill level 5 in Hexes
  2094 | D:3      | Reached XP level 5. HP: 23/38 MP: 2/8
  2139 | D:3      | Learned a level 3 spell: Tukima's Dance
  2373 | D:3      | Found a faded altar of an unknown god.
  2731 | D:4      | Found an ornate altar of the Wu Jian Council.
  2812 | D:4      | Became a worshipper of the Wu Jian Council
  2957 | D:4      | Found a sacrificial altar of Ru.
  3012 | D:4      | Reached skill level 5 in Stealth
  3012 | D:4      | Reached skill level 1 in Ice Magic
  3750 | D:5      | Entered Level 5 of the Dungeon
  3752 | D:5      | Reached XP level 6. HP: 44/44 MP: 9/9
  3831 | D:5      | Found a bloodstained altar of Trog.
  3972 | D:5      | Noticed a water moccasin
  3985 | D:5      | Killed a water moccasin
  3986 | D:5      | Reached skill level 6 in Hexes
  4182 | D:5      | Found a radiant altar of Vehumet.
  4405 | D:5      | Incinerated by a bombardier beetle

Illustrated notes

Levels and vault maps discovered:
D:1:      elethiomel_arrival_infinity_welcomes_careful_drivers, layout_rooms,
          minmay_stone_trees_small, serial_bayou_pond_b
D:2:      layout_basic, serial_rivers, chequers_serial_rivers_micro_a,
          chequers_serial_rivers_small_b, chequers_serial_rivers_large_a,
          chequers_serial_rivers_micro_a, uniq_crazy_yiuf_cottage, uniq_terence
D:3:      layout_loops_ring, shapermc_ecumenical_altar_notcrosses, minivault_26
D:4:      layout_layer_cave, mainiacjoe_overflow_small_starburst,
          mainiacjoe_overflow_paths
D:5:      layout_loops_corners, pf_just_have_faith, mainiacjoe_overflow_catwalk,
          minmay_temple_entry_tees

Skill      XL: |  1  2  3  4  5  6 |
---------------+-------------------+-----
Long Blades    | 1 2 |  2.7
Fighting       | 1 2 |  2.5
Short Blades   | 2 |  2.6
Hexes          | 5 6 |  6.1
Stealth        | 5 |  5.4
Ice Magic      | 1 |  1.5
Dodging        | 3 |  3.1
Spellcasting   | |  2.7

Action                     |  1- 3 |  4- 6 || total
---------------------------+-------+-------++-------
  Melee: Dagger            |   130 |   149 ||   279
         Bite              |    14 |    19 ||    33
         Punch             |     2 |     2 ||     4
   Cast: Ensorcelled Hiber |     5 |    27 ||    32
         Confusing Touch   |       |     1 ||     1
Ability: Lunge             |       |     4 ||     4
    Use: Scroll            |     1 |     8 ||     9
   Stab: Sleeping          |     8 |    12 ||    20
         Distracted        |       |     1 ||     1
         Confused          |       |     1 ||     1
 Armour: Robe              |    61 |    49 ||   110
  Dodge: Dodged            |   122 |    92 ||   214

Table legend: (Time is in decaauts)
 A = Elapsed time spent in this place.
 B = Non-inter-level travel time spent in this place.
 C = Inter-level travel time spent in this place.
 D = Time resting spent in this place.
 E = Time spent auto-exploring this place.
 F = Levels seen in this place.
 G = Mean time per level.
                   A        B        C        D        E       F      G
               +--------+--------+--------+--------+--------+-----+--------+
         Total |   4388 |   4191 |    197 |     54 |   3357 |   5 |  877.6 |
       Dungeon |   4388 |   4191 |    197 |     54 |   3357 |   5 |  877.6 |
               +--------+--------+--------+--------+--------+-----+--------+

Top non-repeatable levels by time:
     D:4: 1283 daAuts
     D:2: 1058 daAuts
     D:1: 751 daAuts
     D:3: 648 daAuts
     D:5: 647 daAuts
